 Dungeon Crawl Stone Soup version 0.27-a0-684-g359e429f13 (webtiles) character file.

Game seed: 14762907491275194066

24 Aggronaut the Ruffian (level 2, -4/23 HPs)
             Began as a Draconian Transmuter on Mar 20, 2021.
             Slain by Robin
             ... wielding a +0 short sword
              (9 damage)
             ... on level 2 of the Dungeon.
             The game lasted 00:02:27 (1534 turns).

Aggronaut the Ruffian (Draconian Transmuter)        Turns: 1534, Time: 00:02:28

Health: -4/23      AC:  4    Str: 18    XL:     2   Next: 79%
Magic:  5/5        EV: 12    Int: 13    God:
Gold:   69         SH:  0    Dex: 11    Spells: 4/5 levels left

rFire    . . .     SeeInvis .     - Unarmed
rCold    . . .     Faith    .   (no shield)
rNeg     . . .     Spirit   .   (armour unavailable)
rPois    .         Reflect  .   (helmet restricted)
rElec    .         Harm     .   (no cloak)
rCorr    .         Rampage  .   (no gloves)
Will     .....                  (no boots)
Stlth    +.........             (no amulet)
HPRegen  0.07/turn              a - +6 ring of strength
MPRegen  0.09/turn              (no ring)

@: no status effects
A: AC +4, unfitting armour, cold-blooded
a: no special abilities


You were on level 2 of the Dungeon.
You visited 1 branch of the dungeon, and saw 2 of its levels.

You collected 69 gold pieces.

Inventory:

Jewellery
 a - a +6 ring of strength (right hand)
Scrolls
 b - a scroll of identify {unknown}
Potions
 c - a potion of heal wounds {unknown}
 d - a potion of attraction {unknown}
 e - a potion of magic {unknown}


   Skills:
 - Level 1.1 Fighting
 - Level 1.7 Dodging
 + Level 3.3 Unarmed Combat
 - Level 2.0 Spellcasting
 * Level 3.0 Transmutations


You had 4 spell levels left.
You knew the following spells:

 Your Spells              Type           Power      Damage    Failure   Level
a - Beastly Appendage     Tmut           18%        N/A       8%          1

Your spell library contained the following spells:

 Spells                   Type           Power      Damage    Failure   Level
 Wereblood                Tmut           9%         N/A       11%         2
 Spider Form              Tmut/Pois      2%         N/A       38%         3
 Ice Form                 Ice/Tmut       5%         N/A       80%         4
 Blade Hands              Tmut           4%         N/A       90%         5


Dungeon Overview and Level Annotations

Branches:
Dungeon (2/15)

Altars:

Annotations:
D:2 Robin, Terence


Innate Abilities, Weirdness & Mutations

Your plain brown scales are hard. (AC +4)
You cannot fit into any form of body armour.
You are cold-blooded and may be slowed by cold attacks.


Message History

A hobgoblin comes into view. It is wielding a +0 war axe.
The hobgoblin shouts!
You hear a shout! x2; The goblin shouts!
A kobold comes into view.
Found a scroll labelled YFUIHA EGGON.
You closely miss the hobgoblin.
A bat comes into view.
The hobgoblin barely misses you.
You hit the hobgoblin.
The hobgoblin is heavily wounded.
The hobgoblin hits you with a +0 war axe!
You hit the hobgoblin.
You kill the hobgoblin!
The bat completely misses you.
Your Transmutations skill increases to level 3!
You hit the bat.
You kill the bat!
A hobgoblin comes into view.
Terence the Incautious comes into view.
He is wielding a +1 flail of protection.
The hobgoblin shouts!
Terence shouts!
You hear an angry hiss.
Robin says, "My goblins will feast on your bones."
A goblin comes into view. It is wielding a +0 club.
You see here a bat corpse.
Robin roars a battlecry!
The goblins go into a battle-frenzy!
You hear a shout!
Robin roars a battlecry!
Robin says, "My goblins will feast on your bones."
There is a stone staircase leading up here.
You barely miss the goblin. The goblin closely misses you.
You hit the goblin. You tail-slap the goblin.
You kill the goblin!
You closely miss the goblin. The goblin hits you but does no damage.
You hit the goblin but do no damage.
Your tail-slap misses the goblin.
A hobgoblin comes into view.
A goblin comes into view. It is wielding a +0 club.
The goblin hits you with a +0 dagger. The goblin hits you with a +0 dagger!
* * * LOW HITPOINT WARNING * * *
Robin hits you with a +0 short sword!
You die...

............#...?..#
..# #.......########
#..###...#.g.g.....#
.........#.........#
...####.......g....#
...# ####....K....#
<..# #....g....#
...# #.....@gg.#
#### #.....<@..#
#.........#
#.........#
###########


You could see Terence, Robin, a hobgoblin (strong), 4 goblins and a kobold.

Vanquished Creatures
  A worm (D:2)
  2 giant cockroaches
  2 goblins
  3 hobgoblins
  3 kobolds (D:1)
  7 bats
  3 rats
21 creatures vanquished.

Notes
Turn   | Place    | Note
-------+----------+-------------------------------------------
     0 | D:1      | Aggronaut the Draconian Transmuter began the quest for the
                  | Orb.
     0 | D:1      | Reached XP level 1. HP: 16/16 MP: 3/3
   300 | D:1      | Reached XP level 2. HP: 15/23 MP: 5/5
  1006 | D:1      | You fall into a shaft and drop 1 floor!
  1155 | D:2      | Noticed Robin
  1519 | D:2      | Noticed Terence
  1534 | D:2      | Slain by Robin

Illustrated notes

Levels and vault maps discovered:
D:1:      eino_arrival_water_star, layout_basic, minivault_26, st_stairs_13
D:2:      layout_rooms, bh_walls_and_bars, uniq_robin, uniq_terence

Skill      XL: |  1  2 |
---------------+-------+-----
Transmutations | 3 |  3.0
Fighting       | |  1.1
Dodging        | |  1.7
Unarmed Combat | |  3.3
Spellcasting   | |  2.0

Action                   || total
-------------------------++-------
Melee: Unarmed           ||    61
       Tailslap          ||     9
       Kick              ||     2
 Cast: Beastly Appendage ||     1
  Use: Scroll            ||     1
Armor: Skin              ||    26
Dodge: Dodged            ||    39

Table legend: (Time is in decaauts)
 A = Elapsed time spent in this place.
 B = Non-inter-level travel time spent in this place.
 C = Inter-level travel time spent in this place.
 D = Time resting spent in this place.
 E = Time spent auto-exploring this place.
 F = Levels seen in this place.
 G = Mean time per level.
                   A        B        C        D        E       F      G
               +--------+--------+--------+--------+--------+-----+--------+
         Total |   1531 |   1509 |     22 |    521 |    746 |   2 |  765.5 |
       Dungeon |   1531 |   1509 |     22 |    521 |    746 |   2 |  765.5 |
               +--------+--------+--------+--------+--------+-----+--------+

Top non-repeatable levels by time:
     D:1: 1330 daAuts
     D:2: 201 daAuts
